 Dungeon Crawl Stone Soup version 0.30-a0-190-g22c9a3c0ff (webtiles) character file.

Game seed: 16043607144417776533

901408 AarnesTheHuman the Slayer (level 26, -6/44 (171) HPs)
             Began as a Gargoyle Earth Elementalist on Sept 18, 2022.
             Was the Champion of Ru.
             Mangled by a Hell Sentinel (13 damage)
             ... on level 4 of the Iron City of Dis on Oct 4, 2022.
             The game lasted 10:55:31 (160179 turns).

AarnesTheHuman the Slayer (GrEE)                  Turns: 160179, Time: 10:55:32

HP:   -6/44 (171)   AC: 29    Str: 16 (25) XL:     26
MP:   49/53         EV:  2    Int: 28 (35) God:    Ru [******]
Gold: 3742          SH:  0    Dex: -4 (8)  Spells: 8/77 levels left

rFire   + + .      SeeInvis +    y - +9 flail of the Ghost {drain, rElec rC+ Str+6 Int+5}
rCold   + + +      Faith    .    Y - +7 tower shield {rC+}
rNeg    + + +      Spirit   .    c - +2 robe {Archmagi}
rPois   ∞          Reflect  .    l - +2 helmet {Int+3}
rElec   +          Harm     .    C - +2 cloak {rC+}
rCorr   +          Rampage  +    B - +1 pair of gloves of Youthful Indiscretion {rF+ Str+2}
Will    ++++.      Archmagi +    j - +2 pair of boots {rampage}
Stlth   ..........               i - amulet of Xegegaplur {RegenMP rF+ Str+3 Slay-4 SInv}
HPRegen 0.27/turn                N - ring of Toyssa {rC+ Will++ rCorr Str-3 Int+4}
MPRegen 0.73/turn                E - ring "Put-Me-On" {rN++ Will+ Stlth-}

@: flying, slowed, lost dexterity, studying Long Blades, extremely drained,
corroded, very slow
A: sickness immunity, AC +20, big wings, negative energy resistance 1,
electricity resistance, torment resistance 1, petrification resistance, no
stealth, inability to use devices, inability to train dodging, unskilled 1,
inexperienced 1, cold resistance 1, deformed body, deterioration 1, frail 1, no
potion heal 1, [clumsy 1], [screaming 2]
}: 10/15 runes: decaying, serpentine, slimy, silver, abyssal, demonic, glowing,
magical, fiery, dark
a: Renounce Religion, Draw Out Power, Power Leap, Apocalypse


You were on level 4 of the Iron City of Dis.
You worshipped Ru.
Ru was exalted by your worship.
You visited 13 branches of the dungeon, and saw 60 of its levels.
You visited Pandemonium 1 time, and saw 17 of its levels.
You visited the Abyss 3 times.
You visited 3 bazaars.
You also visited: Bailey, Ice Cave and Desolation.

You collected 8963 gold pieces.
You spent 5221 gold pieces at shops.

Inventory:

Hand Weapons
 a - a +7 spectral demon whip
 b - a +5 demon whip of electrocution
 s - a +6 antimagic morningstar
 u - a +3 sacred scourge of holy wrath
 y - the +9 flail of the Ghost (weapon) {drain, rElec rC+ Str+6 Int+5}
   (You bought it in a shop on level 2 of the Orcish Mines)

   A truly terrible weapon, it drains the life of any living foe it strikes.
   Str:       It affects your strength (+6).
   Int:       It affects your intelligence (+5).
   rC:        It protects you from cold.
   rElec:     It insulates you from electricity.
 H - the +9 flail of Nunnyocosk {venom, Drain rElec rPois Int+9}
   (You found it on level 3 of the Crypt)

   It poisons the flesh of those it strikes.
   Int:       It affects your intelligence (+9).
   rElec:     It insulates you from electricity.
   rPois:     It protects you from poison.
   Drain:     It drains your maximum health when unequipped.
 K - the +6 sword of Cerebov {flame}
   (You took it off Cerebov in Pandemonium)

   It burns those it strikes, dealing additional fire damage.
   Big, fiery blades are also staple armaments of hydra-hunters.
   It temporarily reduces the fire resistance of those it strikes.
Missiles
 r - 382 stones (quivered)
 R - 15 curare-tipped darts
Armour
 c - a +2 robe of the Archmagi (worn)
 j - a +2 pair of boots of rampaging (worn)
 l - a +2 helmet of intelligence (worn)
 B - the +1 pair of gloves of Youthful Indiscretion (worn) {rF+ Str+2}
   (You found it on level 4 of the Lair of Beasts)

   Str:       It affects your strength (+2).
   rF:        It protects you from fire.
 C - a +2 cloak of cold resistance (worn)
 Y - a +7 tower shield of cold resistance (worn)
Magical Staves
 G - a staff of death
 W - a staff of cold
Jewellery
 i - the amulet of Xegegaplur (around neck) {RegenMP rF+ Str+3 Slay-4 SInv}
   (You acquired it on level 1 of the Vaults)

   [amulet of magic regeneration]

   It increases your rate of magic regeneration.
   Str:       It affects your strength (+3).
   Slay:      It affects your accuracy & damage with ranged weapons and melee
   (-4).
   rF:        It protects you from fire.
   SInv:      It lets you see invisible.
 w - the ring "Woweonk" {Wiz rN+ Dex+3}
   (You acquired it in Pandemonium)

   [ring of wizardry]

   It improves your spell success rate.
   Dex:       It affects your dexterity (+3).
   rN:        It protects you from negative energy.
 E - the ring "Put-Me-On" (right hand) {rN++ Will+ Stlth-}
   (You found it on level 4 of the Swamp)

   [ring of willpower]

   rN:        It greatly protects you from negative energy.
   Will:      It increases your willpower.
   Stlth:     It makes you less stealthy.
 F - a ring of protection from fire
 I - a ring of magical power
 J - the ring "Tomihoplu" {rElec rN+ EV+4 Str-3}
   (You took it off a deep elf sorcerer on level 5 of the Vaults)

   [ring of evasion]

   EV:        It affects your evasion (+4).
   Str:       It affects your strength (-3).
   rElec:     It insulates you from electricity.
   rN:        It protects you from negative energy.
 N - the ring of Toyssa (left hand) {rC+ Will++ rCorr Str-3 Int+4}
   (You found it on level 5 of the Vaults)

   [ring of protection from cold]

   Str:       It affects your strength (-3).
   Int:       It affects your intelligence (+4).
   rC:        It protects you from cold.
   rCorr:     It protects you from acid and corrosion.
   Will:      It greatly increases your willpower.
Scrolls
 e - 3 scrolls of amnesia
 h - 3 scrolls of magic mapping
 m - 12 scrolls of vulnerability
 o - 6 scrolls of poison
 q - 28 scrolls of teleportation
 A - 13 scrolls of blinking
 D - 8 scrolls of silence
 L - 12 scrolls of immolation
 O - a scroll of summoning
 S - 6 scrolls of fear
 V - 7 scrolls of butterflies
Potions
 d - a potion of mutation
 f - 7 potions of invisibility
 g - 5 potions of berserk rage
 k - 13 potions of lignification
 n - 5 potions of ambrosia
 p - 41 potions of curing
 t - 5 potions of magic
 v - 7 potions of resistance
 x - 13 potions of heal wounds
 z - 7 potions of brilliance
 P - 14 potions of might
 T - 9 potions of cancellation
 X - 3 potions of haste


   Skills:
 - Level 26.0 Fighting
 - Level 13.6 Maces & Flails
 - Level 11.0 Armour
 - Level 12.5 Shields
 - Level 26.0 Spellcasting
 + Level 23.2 Conjurations
 - Level 5.0 Summonings
 - Level 9.0 Necromancy
 - Level 4.0 Translocations
 - Level 7.5 Transmutations
 - Level 4.5 Fire Magic
 - Level 7.0 Ice Magic
 - Level 7.5 Air Magic
 - Level 19.0 Earth Magic


You had 8 spell levels left.
You knew the following spells:

 Your Spells              Type           Power      Damage    Failure   Level
a - Sandblast             Erth           100%       2d20      0%          1
b - Stone Arrow           Conj/Erth      100%       3d13      0%          3
c - Passwall              Tmut/Erth      87%        N/A       1%          2
d - Lee's Rapid Deconstr  Erth           60%        3d29*     1%          5
e - Iskenderun's Mystic   Conj/Tloc      100%       2d19      1%          4
f - Frozen Ramparts       Ice            100%       1d16      1%          3
g - Sticky Flame          Conj/Fire      100%       2d11      1%          4
h - Iron Shot             Conj/Erth      62%        9d12      1%          6
i - Freezing Cloud        Conj/Ice/Air   51%        6-21      1%          5
j - Irradiate             Conj/Tmut      55%        3d30      1%          5
k - Borgnjor's Vile Clut  Necr/Erth      53%        N/A       1%          5
l - Dispel Undead         Necr           92%        3d29      1%          4
m - Hailstorm             Conj/Ice       100%       3d20      1%          3
n - Swiftness             Air            87%        N/A       1%          3
o - Airstrike             Air            43%        2d(7-23)  1%          4
p - Fireball              Conj/Fire      53%        3d21      1%          5
q - Spellforged Servitor  Conj/Summ      53%        N/A       10%         7

Your spell library contained the following spells:

 Spells                   Type           Power      Damage    Failure   Level
 Foxfire                  Conj/Fire      100%       2x1d9     0%          1
 Static Discharge         Conj/Air       100%       2-7/arc   0%          2
 Iskenderun's Battlesphe  Conj           100%       2d15      0%          5
 Apportation              Tloc           100%       N/A       1%          1
 Beastly Appendage        Tmut           100%       N/A       1%          1
 Freeze                   Ice            100%       1d11      1%          1
 Necrotise                Necr           100%       1d9       1%          1
 Summon Small Mammal      Summ           100%       N/A       1%          1
 Blink                    Tloc           100%       N/A       1%          2
 Ensorcelled Hibernation  Hex/Ice        100%       N/A       1%          2
 Momentum Strike          Conj/Tloc      100%       3d10      1%          2
 Scorch                   Fire           100%       2d10      1%          2
 Wereblood                Tmut           87%        N/A       1%          2
 Call Canine Familiar     Summ           77%        N/A       1%          3
 Ignite Poison            Fire/Tmut/Pois 73%        N/A       1%          3
 Kindle Blastsparks       Fire/Tloc/Air  100%       2d18      1%          3
 Lesser Beckoning         Tloc           100%       N/A       1%          3
 Mephitic Cloud           Conj/Pois/Air  96%        N/A       1%          3
 Vampiric Draining        Necr           92%        2d12      1%          3
 Animate Armour           Summ/Erth      100%       N/A       1%          4
 Flame Wave               Conj/Fire      100%       2d21      1%          4
 Fulminant Prism          Conj/Hex       50%        3d23      1%          4
 Leda's Liquefaction      Hex/Erth       47%        N/A       1%          4
 Petrify                  Tmut/Erth      100%       N/A       1%          4
 Arcjolt                  Conj/Air       55%        1d65      1%          5
 Lightning Bolt           Conj/Air       55%        1d77      1%          5
 Conjure Ball Lightning   Conj/Air       55%        3x3d20    1%          6
 Orb of Destruction       Conj           64%        9d15      1%          7
 Spider Form              Tmut/Pois      72%        N/A       2%          3
 Summon Lightning Spire   Summ/Air       82%        N/A       2%          4
 Agony                    Necr           92%        N/A       2%          5
 Summon Guardian Golem    Hex/Summ       66%        N/A       3%          3
 Summon Ice Beast         Ice/Summ       81%        N/A       3%          4
 Inner Flame              Hex/Fire       65%        N/A       4%          3
 Portal Projectile        Hex/Tloc       100%       N/A       4%          3
 Blade Hands              Tmut           43%        N/A       4%          5
 Anguish                  Hex/Necr       37%        N/A       5%          4
 Manifold Assault         Tloc           73%        N/A       7%          4
 Passage of Golubria      Tloc           73%        N/A       7%          4
 Tukima's Dance           Hex            53%        N/A       11%         3
 Death Channel            Necr           46%        N/A       14%         6
 Summon Forest            Summ/Tloc      37%        N/A       16%         5
 Simulacrum               Ice/Necr       44%        N/A       21%         6
 Alistair's Intoxication  Tmut/Pois      48%        N/A       22%         5
 Silence                  Hex/Air        36%        N/A       22%         5
 Yara's Violent Unravell  Hex/Tmut       36%        3d15      22%         5
 Metabolic Englaciation   Hex/Ice        35%        N/A       24%         5
 Cause Fear               Hex            26%        N/A       34%         4
 Olgreb's Toxic Radiance  Pois           53%        N/A       34%         4
 Summon Mana Viper        Hex/Summ       66%        N/A       34%         5
 Summon Cactus Giant      Summ           38%        N/A       56%         6
 Eringya's Noxious Bog    Tmut/Pois      36%        N/A       75%         6
 Dragon Form              Tmut           43%        N/A       80%         7
 Storm Form               Tmut/Air       43%        N/A       80%         7
 Monstrous Menagerie      Summ           38%        N/A       98%         7
 Summon Hydra             Summ           38%        N/A       98%         7
 Malign Gateway           Summ/Tloc      37%        N/A       99%         7
 Borgnjor's Revivificati  Necr           46%        N/A       99%         8
 Disjunction              Tloc           36%        N/A       100%        8
 Maxwell's Capacitive Co  Air            43%        ∞         100%        8
 Necromutation            Tmut/Necr      44%        N/A       100%        8
 Summon Horrible Things   Summ           38%        N/A       100%        8
 Death's Door             Necr           46%        N/A       100%        9
 Dragon's Call            Summ           38%        N/A       100%        9
 Polar Vortex             Ice            42%        N/A       100%        9
 Cigotuvi's Dreadful Rot  Necr/Pois/Air  Unusable   N/A       N/A         2
 Sublimation of Blood     Necr           Unusable   N/A       N/A         2
 Statue Form              Tmut/Erth      Unusable   N/A       N/A         6

Dungeon Overview and Level Annotations

Branches:
Dungeon (15/15)            Temple (0/1) D:6            Lair (5/5) D:9
  Swamp (4/4) Lair:2        Snake (4/4) Lair:2        Slime (5/5) Lair:4
    Orc (2/2) D:12            Elf (3/3) Orc:2        Vaults (5/5) D:13
  Crypt (3/3) Vaults:3       Tomb (0/3) Crypt:3      Depths (4/4) D:15
   Hell (visited)             Dis (4/7) Hell            Geh (0/7) Hell
    Coc (0/7) Hell            Tar (0/7) Hell            Zot (5/5) Depths:4
 Bailey (visited)           IceCv (visited)         Desolation (visited)

Altars:
Ashenzari
Dithmenos
Elyvilon
Gozag
Kikubaaqudgha
Qazlal
Ru
Uskayaw
Vehumet
Xom
Yredelemnul
Zin
The Shining One
Jiyva
Lugonu

Shops:
D:1 =(?   D:7 [   Orc:2 *:[(=   Elf:1 *   Snake:1 !   Snake:3 ((   Vaults:1 ?
Vaults:5 (   Zot:4 *   Depths:4 (

Portals:
Hell: Depths:1 Depths:2 Depths:3 Depths:4
Abyss: D:14 Lair:5 Depths:3 Depths:4
Pandemonium: Depths:1 Depths:2
Ziggurat: Depths:2

Annotations:
D:2 exclusion: downstairs
D:3 1 runed translucent door, exclusions: door and downstairs, Crazy Yiuf
D:9 exclusion: downstairs
D:14 2 transporters, fly's ghost, journeyman DgDe
Lair:3 exclusion: 3 oklob plants
Lair:4 exclusion: downstairs
Lair:5 3 runed translucent doors, exclusion: 3 doors, Sokue's ghost, journeyman FeSu
Swamp:3 exclusion: downstairs
Orc:1 1 runed translucent door, Feriw's ghost, journeyman HOMo
Elf:1 exclusion: 4 downstairs
Elf:2 3 runed translucent doors, exclusion: 3 doors
Vaults:1 2 transporters, exclusion: downstairs, Peona's ghost, veteran MiGl
Vaults:2 2 transporters, exclusion: downstairs
Crypt:1 exclusion: 2 downstairs
Crypt:2 exclusion: 2 downstairs
Crypt:3 3 runed translucent doors, exclusions: 3 doors and downstairs
Depths:3 exclusion: 2 downstairs
Depths:4 exclusion: door
Zot:1 3 runed translucent doors, exclusions: 3 doors and 2 downstairs, Iryommi's ghost, legendary KoDe
Zot:4 exclusion: 2 downstairs
Zot:5 1 exclusion


Innate Abilities, Weirdness & Mutations

You are immune to sickness and miasma.
Your stone body is resilient. (AC +20)
You are immune to poison.
Your large and strong wings let you fly.
You resist negative energy. (rN+)
You are resistant to electric shocks. (rElec)
You are resistant to unholy torment.
You are immune to petrification.
You cannot be stealthy.
You cannot study or use magical devices.
You cannot train Dodging skill.
You are somewhat unskilled. (-1 Apt)
You are somewhat inexperienced. (-1 XL)
Your flesh is cold resistant. (rC+)
Armour fits poorly on your strangely shaped body.
Your body sometimes deteriorates upon taking damage.
You are frail. (-10% HP)
Potions are less effective at restoring your health.
[You are clumsy. (Dex -2)]
[You frequently scream uncontrollably at your foes.]


Message History

a +0 plate armour; a +2 great sword of pain
There is an open door, spattered with blood here.
There is a stone staircase leading down here.
You fly downwards.
You have a premonition of your own gruesome death.
You feel clumsy.
The ancient champion mumbles some strange words.
The ancient champion seems to speed up.
The ancient champion hits you with a +1 battleaxe.
The Hell Sentinel begins to attack, but is stunned by your conviction!
There is a gateway leading out of Dis here.
Casting: Iron Shot (dangerous; 1% risk of failure)
Confirm with . or Enter, or press ? or * to list all spells.
Aiming: Borgnjor's Vile Clutch (dangerous; 1% risk of failure)
Press: ? - help, Shift-Dir - straight line, f - ancient champion
Aim: an ancient champion, wielding a +1 battleaxe and wearing a +0 plate armour (fast, 100% to hit)
Okay, then.
Unknown command.
Casting: Borgnjor's Vile Clutch (dangerous; 1% risk of failure)
Confirm with . or Enter, or press ? or * to list all spells.
Aiming: Lee's Rapid Deconstruction (safe; 1% risk of failure)
Press: ? - help, Dir - move target A metal wall.
Okay, then.
Casting: Lee's Rapid Deconstruction (safe; 1% risk of failure)
Confirm with . or Enter, or press ? or * to list all spells.
Aiming: Iron Shot (dangerous; 1% risk of failure)
Press: ? - help, Shift-Dir - straight line, f - Hell Sentinel
Aim: a Hell Sentinel (98% to hit)
You feel a surge of power!
The iron shot hits the Hell Sentinel!!!
The Hell Sentinel is heavily wounded.
The ancient champion hits you but does no damage. x2
The ancient champion hits you but does no damage.
The Hell Sentinel hits you!!
Your body deteriorates!
You feel dopey. The Hell Sentinel hits you!
* * * LOW HITPOINT WARNING * * *
The ancient champion completely misses you.
The Hell Sentinel hits you!
You die...

... ... .
.... ..
..... ...
.....# ....
...)+##
.....
#..z#......
#.@1......
#...#......
^..z..#
.....
.....#..#
....
###'###+#
### ... ...
##


You could see a Hell Sentinel and 2 ancient champions.

Vanquished Creatures
  Cerebov (Pan)
  the Royal Jelly (Slime:5)
  Ignacio (Pan)
  Gloorx Vloq (Pan)
  Lom Lobon (Pan)
  Mnoleg (Pan)
  5 dread liches
  4 ancient liches
  Mara (Swamp:3)
  11 orbs of fire
  2 juggernauts
  Boris (Depths:4)
  Vv (Depths:2)
  5 Killer Klowns
  Saint Roka (Snake:4)
  the Lernaean hydra (Swamp:4)
  Xtahua (Crypt:3)
  Frederick (Crypt:1)
  Geryon (Hell)
  10 caustic shrikes
  10 golden dragons
  4 curse toes
  3 bone dragons
  A profane servitor (Abyss:5)
  the Enchantress (Depths:4)
  4 Brimstone Fiends (Pan)
  3 doom hounds (Crypt:2)
  A hellephant (Hell)
  2 Tzitzimimeh
  3 electric golems
  6 pandemonium lords (Pan)
  18 Hell Sentinels
  Rupert (Lair:2)
  Jorgrun (D:13)
  12 tentacled monstrosities
  24 Orb Guardians
  2 Ice Fiends (Pan)
  2 quicksilver dragons (Zot:3)
  3 deep elf master archers (Elf:3)
  Asterion (Snake:4)
  Murray (Hell)
  3 titans
  17 ancient champions
  Grunn (Crypt:3)
  5 liches
  A deep elf blademaster (Elf:3)
  9 tentacled starspawn
  7 death cobs
  A walking divine tome (Depths:4)
  25 Executioners
  17 acid blobs
  5 sphinxes
  Agnes (Snake:2)
  12 shadow dragons
  Roxanne (Elf:2)
  13 storm dragons
  A draconian monk (Zot:4)
  9 tengu reavers
  2 revenants (Crypt:3)
  11 draconian knights
  4 nagarajas
  4 azure jellies
  7 rockslimes
  15 fire giants
  8 demonspawn warmongers (Pan)
  10 deep elf sorcerers
  A quicksilver elemental (Dis:3)
  2 iron dragons
  12 frost giants
  16 vault wardens
  7 draconian scorchers
  13 cacodemons (Pan)
  An angel (Abyss:5)
  5 orc warlords
  28 balrugs
  5 curse skulls
  4 deep elf elementalists (Elf:3)
  A spectral juggernaut (Depths:4)
  22 reapers
  8 draconian annihilators
  Aizul (Snake:1)
  3 spriggan defenders (Depths:4)
  2 ghost moths
  8 ghouls
  5 draconian shifters
  4 draconian stormcallers
  7 demonspawn blood saints (Pan)
  2 juggernaut skeletons
  14 war gargoyles
  11 stone giants
  36 very ugly things
  7 quicksilver oozes
  6 ironbound thunderhulks
  6 demonspawn corrupters (Pan)
  8 ironbound preservers
  7 vampire knights
  11 green draconians
  2 ophanim (Abyss:5)
  4 starcursed masses
  7 demonspawn black suns (Pan)
  7 eleionomae
  5 deep elf annihilators
  9 dire elephants
  5 deep elf demonologists
  A putrid mouth (Crypt:2)
  3 bunyips
  6 red draconians
  15 white draconians
  8 lorocyprocas
  12 purple draconians
  3 entropy weavers
  4 spark wasps (Depths:3)
  6 yellow draconians
  7 black draconians
  12 blizzard demons
  3 eidola
  5 deep elf death magi
  Snorg (D:12)
  7 iron golems
  A mummy priest (Pan)
  A merfolk impaler (Depths:1)
  The ghost of jehirs the Martial Artist, a journeyman DsBe of Trog (D:12)
  4 green deaths (Pan)
  A merfolk javelineer (Depths:2)
  4 fire dragons
  12 ettins
  An entropy weaver (shapeshifter) (Vaults:5)
  A ragged hierophant (Desolation)
  6 deep elf high priests
  Josephine (Orc:1)
  A quicksilver dragon zombie (Hell)
  6 great orbs of eyes
  12 yaktaur captains
  Fannar (Orc:1)
  A jiangshi (Crypt:1)
  9 ice dragons
  29 vault guards
  4 spriggan air magi
  2 salamander tyrants
  2 rakshasas
  2 servants of whispers (Desolation)
  An ogre mage (D:15)
  A peacekeeper (Vaults:1)
  3 ghost crabs
  A quicksilver dragon skeleton (Crypt:3)
  4 anacondas
  19 hydras
  2 death knights
  A bennu zombie (Crypt:1)
  6 two-headed ogres
  5 centaur warriors
  2 hell beasts (Pan)
  11 ironbound frosthearts
  18 naga warriors
  15 dancing weapons
  12 death yaks
  2 boulder beetles
  5 tengu warriors
  10 hell hogs
  8 alligators
  5 spriggan berserkers
  6 vampire magi
  9 naga sharpshooters
  8 deep troll earth magi
  A titan zombie (Crypt:2)
  12 thrashing horrors
  5 deep troll shamans
  6 orc high priests
  22 hell knights
  13 deep elf knights
  85 sun demons
  5 shock serpents
  17 sixfirhies
  22 soul eaters
  6 shadow wraiths
  5 iron trolls
  3 salamander mystics
  A spatial maelstrom (Abyss:5)
  5 wretched stars
  24 skeletal warriors
  4 flayed ghosts
  4 goliath frogs
  A spark wasp zombie (Crypt:1)
  15 swamp dragons
  2 glowing orange brains
  5 spriggan druids
  Pikel (D:6)
  2 cherubim (Abyss:5)
  30 deep trolls
  9 naga ritualists
  18 shadow demons (Pan)
  15 deep elf archers
  2 orange crystal statues
  12 bog bodies
  9 wizards
  15 lindwurms
  11 phantasmal warriors
  2 anaconda skeletons
  29 deep elf zephyrmancers
  19 ironbound convokers
  A bunyip skeleton (Hell)
  8 harpies
  18 orc knights
  A frost giant zombie (Crypt:3)
  7 necromancers
  18 mana vipers
  24 deep elf pyromancers
  6 orc sorcerers
  6 shining eyes
  2 worldbinders
  12 salamanders
  A stone giant zombie (Vaults:2)
  50 ugly things
  3 manticores
  A shadow dragon skeleton (Crypt:2)
  6 will-o-the-wisps
  A cyclops (D:11)
  An iron dragon skeleton (Hell)
  4 guardian serpents
  An elephant (shapeshifter) (Lair:5)
  15 vault sentinels
  An ice statue (D:14)
  2 apocalypse crabs
  An eye of devastation (Slime:5)
  10 rust devils
  16 naga magi
  5 elephants (Lair:5)
  30 moths of wrath
  2 torpor snails
  A dire elephant zombie (Crypt:2)
  4 molten gargoyles
  A titan simulacrum (Hell)
  48 smoke demons
  31 black mambas
  3 gargoyles
  25 orange demons
  10 cane toads
  4 unseen horrors
  27 demonic crawlers
  4 kobold demonologists
  A human zombie (Vaults:2)
  2 white draconian zombies
  8 komodo dragons
  18 rime drakes
  6 freezing wraiths
  10 efreet
  A pale draconian zombie (Crypt:1)
  28 yaktaurs
  10 hellwings
  An anaconda simulacrum (Abyss:1)
  A black draconian skeleton (Crypt:1)
  3 ice devils
  16 tormentors
  3 hellions
  A tengu conjurer (Depths:4)
  A sea snake skeleton (Crypt:2)
  7 trolls
  5 ancient zymes
  9 red devils
  4 guardian mummies (Crypt:3)
  2 bloated husks (Swamp:1)
  Grinder (D:3)
  A tengu simulacrum (Abyss:1)
  19 polar bears
  Prince Ribbit (Lair:2)
  11 tyrant leeches
  11 saltlings
  17 hornets
  9 raiju (Abyss:5)
  60 slime creatures
  2 dream sheep (D:12)
  A hydra skeleton (Pan)
  An ettin zombie (Vaults:2)
  3 harpy skeletons (Pan)
  An ice dragon zombie (Hell)
  24 blink frogs
  A culicivora (shapeshifter) (Vaults:5)
  A vampire (Bailey)
  2 centaur simulacra
  26 spriggans
  30 ynoxinuls
  10 flying skulls
  12 water elementals
  A culicivora (Vaults:1)
  3 wyverns
  An ice dragon skeleton (Crypt:3)
  An ettin skeleton (Pan)
  18 humans
  2 fire bats (Depths:3)
  A shadow (D:12)
  2 air elementals
  27 yaks
  15 small abominations
  14 wraiths
  A human (shapeshifter) (Elf:2)
  3 redbacks (Vaults:1)
  A steam dragon (D:9)
  4 basilisks
  25 chaos spawn
  A golden eye (shapeshifter) (Lair:5)
  24 neqoxecs
  A wind drake skeleton (Crypt:1)
  A redback (shapeshifter) (Vaults:5)
  3 wargs
  Menkaure (D:6)
  12 swamp worms
  2 acid dragons (D:11)
  34 nagas
  A swamp worm (shapeshifter) (Vaults:5)
  4 hell hounds (Abyss:1)
  8 water moccasins
  2 naga skeletons (Pan)
  A floating eye (Lair:3)
  A glowing shapeshifter skeleton (Vaults:2)
  50 orc warriors
  42 large abominations
  8 swamp drakes
  An ice beast (D:5)
  A cane toad skeleton (Crypt:3)
  2 sky beasts
  7 black bears
  A boggart (Vaults:2)
  9 ogres
  6 wolves
  8 centaurs
  An elephant skeleton (Crypt:1)
  A draconian zombie (Crypt:3)
  4 phantoms
  11 bullfrogs
  2 earth elementals (Elf:3)
  8 kobold brigands
  4 necrophages
  3 scorpions
  8 wights
  10 killer bees (D:9)
  3 electric eels
  2 howler monkeys (D:9)
  9 vampire bats (Bailey)
  7 wolf zombies (Bailey)
  8 crimson imps
  5 hounds
  4 jellies
  A wolf skeleton (Crypt:2)
  A centaur zombie (Crypt:2)
  A basilisk zombie (Crypt:1)
  A gnoll bouda (D:8)
  15 orc priests
  3 centaur skeletons
  A human skeleton (Crypt:3)
  4 iguanas
  28 orc wizards
  Natasha (thrice) (D:2)
  5 hell rats
  4 gnolls (D:8)
  12 adders
  A swamp drake zombie (Crypt:3)
  8 white imps
  2 ufetubi
  An adder skeleton (Crypt:3)
  3 worms
  3 dart slugs
  97 orcs
  6 ball pythons
  11 bats
  5 endoplasms
  4 giant cockroaches
  5 goblins
  5 hobgoblins (D:4)
  4 jackals (D:1)
  21 kobolds
  7 quokkas
  A ball python skeleton (Crypt:3)
  5 frilled lizards (D:1)
  A frilled lizard zombie (Crypt:3)
  A giant cockroach zombie (Crypt:2)
  A hobgoblin zombie (Crypt:1)
  A kobold skeleton (Crypt:1)
  19 orc zombies (Bailey)
  2 rats
  A butterfly (D:4)
  A fire vortex (Pan)
  A lurking horror (Abyss:3)
  4 starspawn tentacles
2963 creatures vanquished.

Vanquished Creatures (collateral kills)
  Vashnia (Snake:2)
  A Hell Sentinel (Pan)
  A naga sharpshooter (Snake:2)
  Amaemon (Lair:2)
  An orange demon (Lair:2)
  2 ynoxinuls (Pan)
  A naga (Lair:2)
  A water moccasin (Lair:2)
9 creatures vanquished.

Vanquished Creatures (others)
  2 Hell Sentinels (Pan)
  An Orb Guardian (Zot:5)
  A deep elf blademaster (Elf:3)
  An ancient champion (Hell)
  An Executioner (Pan)
  An eldritch tentacle (Pan)
  A shadow dragon (Vaults:4)
  A draconian knight (Zot:1)
  A draconian monk (Zot:4)
  A balrug (Pan)
  A ghoul (Crypt:2)
  A stone giant (Depths:3)
  An ironbound preserver (Vaults:3)
  A very ugly thing (Depths:3)
  A lorocyproca (Pan)
  A demonspawn black sun (Pan)
  A jiangshi (Crypt:1)
  A hydra (Swamp:4)
  A salamander tyrant (Snake:4)
  A vault guard (D:13)
  A deep troll earth mage (Depths:2)
  Urug (Orc:2)
  A thrashing horror (Abyss:5)
  2 sun demons
  A soul eater (Pan)
  A deep elf knight (Elf:2)
  A goliath frog (shapeshifter) (Vaults:5)
  2 deep trolls (Depths:2)
  A lindwurm (Vaults:4)
  A wolf spider (D:15)
  A cyclops (D:13)
  A moth of wrath (Zot:5)
  3 black mambas
  A freezing wraith (Vaults:5)
  A demonic crawler (Hell)
  A tengu conjurer (Depths:3)
  A water elemental (Depths:2)
  A human (D:12)
  A golden eye (Abyss:5)
  A large abomination (Abyss:5)
  An orc warrior (Vaults:4)
  5 hell rats
  An orc (Vaults:5)
  2 ball lightnings (Pan)
  61 bushes (Depths:4)
  20 foxfires
  58 fungi
  A lurking horror (Abyss:3)
  92 plants
  12 starspawn tentacles
298 creatures vanquished.

Grand Total: 3270 creatures vanquished

Notes
Turn   | Place    | Note
-------+----------+-------------------------------------------
     0 | D:1      | AarnesTheHuman the Gargoyle Earth Elementalist began the
                  | quest for the Orb.
     0 | D:1      | Reached XP level 1. HP: 10/10 MP: 3/3
   104 | D:1      | Reached XP level 2. HP: 15/15 MP: 3/5
   396 | D:1      | Found Agochahu's Jewellery Emporium.
   436 | D:1      | Found Veggoh's Magic Scroll Shoppe.
   457 | D:1      | Found a faded altar of an unknown god.
   550 | D:1      | Reached XP level 3. HP: 19/19 MP: 6/6
   552 | D:1      | Found Omongor's Weapon Shop.
  1265 | D:2      | Noticed Natasha
  1268 | D:2      | Killed Natasha
  1269 | D:2      | Reached skill level 5 in Earth Magic
  1269 | D:2      | Reached XP level 4. HP: 24/24 MP: 5/8
  1297 | D:2      | Noticed Natasha
  1301 | D:2      | Killed Natasha
  1512 | D:2      | Noticed Natasha
  1515 | D:2      | Killed Natasha
  1516 | D:2      | Reached XP level 5. HP: 28/28 MP: 8/10
  2024 | D:2      | Learned a level 3 spell: Stone Arrow
  2031 | D:3      | Noticed Grinder
  2073 | D:3      | Found a sacrificial altar of Ru.
  2138 | D:4      | Noticed an ogre
  2150 | D:4      | Killed an ogre
  2151 | D:4      | Reached skill level 1 in Conjurations
  2151 | D:4      | Reached XP level 6. HP: 7/32 MP: 0/12
  2694 | D:3      | Killed Grinder
  2695 | D:3      | Reached XP level 7. HP: 32/36 MP: 0/13
  3036 | D:3      | Found a runed translucent door.
  3037 | D:3      | Noticed Crazy Yiuf
  3562 | D:4      | Upgraded the game from 0.30-a0-125-g51eefa89be to
                  | 0.30-a0-134-gb40fab5c76
  3614 | D:3      | Became a worshipper of Ru the Awakened
  3753 | D:4      | Learned a level 2 spell: Passwall
  3873 | D:4      | Reached skill level 5 in Spellcasting
  4348 | D:4      | Reached XP level 8. HP: 41/41 MP: 7/15
  4453 | D:5      | Entered Level 5 of the Dungeon
  5215 | D:5      | Reached skill level 5 in Conjurations
  5423 | D:5      | Gained mutation: You are somewhat inexperienced. (-1 XL)
                  | [Ru sacrifice]
  5423 | D:5      | Reached XP level 7. HP: 36/36 MP: 16/16
  5423 | D:5      | Reached * piety under Ru
  5582 | D:6      | Learned a level 5 spell: Lee's Rapid Deconstruction
  5684 | D:6      | Found a staircase to the Ecumenical Temple.
  5812 | D:6      | Noticed Menkaure
  5895 | D:6      | Noticed Pikel
  5907 | D:6      | Killed Pikel
  5908 | D:6      | Reached XP level 8. HP: 29/41 MP: 1/18
  6663 | D:6      | Reached skill level 10 in Earth Magic
  6740 | D:6      | Killed Menkaure
  7109 | D:6      | Found a staircase to the Ecumenical Temple.
  7574 | D:7      | Reached skill level 1 in Fighting
  7814 | D:7      | Found Xenwock's Antique Armour Emporium.
  7965 | D:7      | Found an opulent altar of Gozag.
  8113 | D:7      | Found a radiant altar of Vehumet.
  8115 | D:7      | Found a basalt altar of Yredelemnul.
  8158 | D:7      | Found a broken altar of Ashenzari.
  8159 | D:7      | Found a shimmering altar of Xom.
  8160 | D:7      | Found a shadowy altar of Dithmenos.
  8162 | D:7      | Found a stormy altar of Qazlal.
  8222 | D:7      | Reached XP level 9. HP: 51/51 MP: 18/22
  8418 | D:7      | Found a hide-covered altar of Uskayaw.
  8678 | D:7      | Reached skill level 5 in Fighting
  8744 | D:8      | Found a flagged portal.
  8753 | Bailey   | Entered a bailey
  9803 | Bailey   | Noticed a gargoyle
  9804 | Bailey   | Killed a gargoyle
  9805 | Bailey   | Reached skill level 1 in Armour
 10331 | D:7      | Gained mutation: You cannot study or use magical devices.
                  | [Ru sacrifice]
 10331 | D:7      | Reached ** piety under Ru
 10331 | D:7      | Reached *** piety under Ru
 10815 | D:8      | Identified the +9 great sword of the Pill Bug {venom,
                  | Fragile rPois rF- rCorr}
 11885 | D:9      | Reached XP level 10. HP: 65/65 MP: 7/23
 11889 | D:9      | Reached skill level 5 in Armour
 12103 | D:9      | Noticed a two-headed ogre
 12370 | D:9      | Killed a two-headed ogre
 12499 | D:9      | Identified the ring of Ylearrel {rPois rF- Str+3 Stlth+}
 12703 | D:9      | Found a staircase to the Lair.
 12795 | D:9      | Reached skill level 10 in Fighting
 13507 | D:1      | Bought a scroll of blinking for 75 gold pieces
 13629 | D:7      | Bought a ripped robe for 142 gold pieces
 13629 | D:7      | Identified the +0 robe of Dice, Bag, and Bottle {-Cast +Inv
                  | rElec SInv} (You bought it in a shop on level 7 of the
                  | Dungeon)
 13692 | D:10     | Entered Level 10 of the Dungeon
 13781 | Lair:1   | Entered Level 1 of the Lair of Beasts
 14153 | D:1      | Bought a scroll of identify for 20 gold pieces
 14153 | D:1      | Bought a scroll of identify for 20 gold pieces
 14383 | D:10     | Gained mutation: You are somewhat unskilled. (-1 Apt) [Ru
                  | sacrifice]
 14383 | D:10     | Reduced skill Conjurations to level 5
 14383 | D:10     | Reached **** piety under Ru
 14383 | D:10     | Reached ***** piety under Ru
 14758 | D:10     | Noticed a manticore
 14768 | D:10     | Killed a manticore
 14881 | D:10     | Reached skill level 10 in Fighting
 15970 | D:11     | Noticed a cyclops
 15973 | D:11     | Killed a cyclops
 16148 | D:11     | Reached XP level 11. HP: 73/73 MP: 17/24
 18472 | Lair:2   | Noticed a death yak
 18472 | Lair:2   | Noticed a death yak
 18472 | Lair:2   | Noticed a death yak
 18474 | Lair:2   | Noticed a death yak
 18492 | Lair:1   | Killed a death yak
 18493 | Lair:1   | Reached skill level 10 in Spellcasting
 19263 | Lair:1   | Killed a death yak
 19445 | Lair:2   | Noticed Amaemon
 19455 | Lair:2   | Killed Amaemon
 19471 | Lair:2   | Found a staircase to the Snake Pit.
 19760 | Lair:2   | Reached skill level 1 in Maces & Flails
 19860 | Lair:1   | Killed a death yak
 20006 | Lair:1   | Killed a death yak
 20204 | Lair:2   | Found a transporter.
 20204 | Lair:2   | Noticed Prince Ribbit
 20204 | Lair:2   | Noticed a death yak
 20205 | Lair:2   | Noticed a death yak
 20245 | Lair:2   | Killed a death yak
 20268 | Lair:1   | Killed a death yak
 20269 | Lair:1   | Gained mutation: You cannot train Dodging skill. [Ru
                  | sacrifice]
 20396 | Lair:2   | Found a staircase to the Swamp.
 20644 | Lair:2   | Reached XP level 12. HP: 81/81 MP: 19/26
 20708 | Lair:2   | Found a transporter.
 21088 | Lair:3   | Learned a level 4 spell: Iskenderun's Mystic Blast
 21241 | Lair:3   | Reached skill level 1 in Translocations
 22732 | Lair:4   | Found a staircase to the Slime Pits.
 23235 | Lair:4   | Gained mutation: You cannot be stealthy. [Ru sacrifice]
 23235 | Lair:4   | Reached ****** piety under Ru
 23842 | Lair:4   | Identified the +1 pair of gloves of Youthful Indiscretion
                  | {rF+ Str+2}
 24059 | Lair:5   | Entered Level 5 of the Lair of Beasts
 24203 | Lair:5   | Noticed Sokue's ghost (journeyman FeSu)
 24204 | Lair:5   | Found a runed translucent gate.
 24204 | Lair:5   | Found a runed translucent gate.
 24204 | Lair:5   | Found a runed translucent gate.
 24489 | Lair:4   | Reached skill level 5 in Maces & Flails
 25996 | Lair:5   | Reached XP level 13. HP: 82/88 MP: 4/28
 26820 | Lair:5   | Identified the +2 robe "Lucre" {rElec}
 27324 | Lair:5   | Reached skill level 10 in Earth Magic
 27551 | Lair:5   | Found a corrupted altar of Lugonu.
 27551 | Lair:5   | Found a one-way gate to the infinite horrors of the Abyss.
 27848 | Lair:5   | Learned a level 3 spell: Frozen Ramparts
 28245 | D:1      | Bought a ring of willpower for 275 gold pieces
 28473 | D:12     | Identified the +9 dagger of the Crypt {flame, rElec rPois
                  | rN+++ Str-3}
 28615 | D:12     | Found a runed translucent door.
 28616 | D:12     | Noticed jehirs's ghost (journeyman DsBe)
 28663 | D:12     | Reached skill level 1 in Ice Magic
 29038 | D:12     | Found a staircase to the Orcish Mines.
 30432 | D:13     | Noticed Jorgrun
 30678 | D:13     | Reached skill level 5 in Ice Magic
 31182 | D:13     | Killed Jorgrun
 31392 | D:13     | Found a gate to the Vaults.
 32932 | D:14     | Gained mutation: Your large and strong wings let you fly.
                  | [Gargoyle growth]
 32932 | D:14     | Reached XP level 14. HP: 95/96 MP: 11/30
 33009 | D:14     | Found a frozen archway.
 33040 | IceCv    | Entered an ice cave
 33340 | IceCv    | Reached skill level 15 in Fighting
 33631 | IceCv    | Reached skill level 1 in Shields
 34996 | IceCv    | Noticed a frost giant
 35004 | IceCv    | Killed a frost giant
 35140 | IceCv    | Noticed a frost giant
 35148 | IceCv    | Killed a frost giant
 35879 | D:14     | Found a transporter.
 35883 | D:14     | Noticed a tentacled starspawn
 35893 | D:14     | Found a transporter.
 36644 | D:15     | Entered Level 15 of the Dungeon
 36646 | D:15     | Found a glowing golden altar of the Shining One.
 36646 | D:15     | Found a white marble altar of Elyvilon.
 36646 | D:15     | Found a glowing silver altar of Zin.
 36789 | D:15     | Found the +9 scales of the Dragon King {rPois rF+ rC+
                  | Will+}
 36900 | D:15     | Identified the +0 shortbow "Sysog" {venom, rPois Dex+2}
 37444 | D:15     | Found a broken altar of Ashenzari.
 37462 | D:15     | Reached skill level 5 in Shields
 37876 | D:15     | Learned a level 4 spell: Sticky Flame
 38283 | D:15     | Reached skill level 1 in Fire Magic
 38560 | D:15     | Found a staircase to the Depths.
 38704 | Orc:1    | Entered Level 1 of the Orcish Mines
 38704 | Orc:1    | Noticed Snorg
 38712 | D:12     | Reached XP level 15. HP: 103/103 MP: 18/33
 38797 | D:12     | Killed Snorg
 39121 | Orc:1    | You are sucked into a shaft and drop 1 floor!
 39121 | Orc:2    | Entered Level 2 of the Orcish Mines
 39121 | Orc:2    | Found Kaurum's Antique Armour Shoppe.
 39148 | Orc:2    | Found Impoonun's Book Emporium.
 39572 | Orc:2    | Reached skill level 15 in Spellcasting
 39753 | Orc:2    | Found a staircase to the Elven Halls.
 39808 | Orc:2    | Found Fesu's Jewellery Emporium.
 40237 | Orc:1    | Noticed Fannar
 40244 | Orc:1    | Killed Fannar
 40357 | Orc:1    | Found a runed translucent door.
 40358 | Orc:1    | Noticed Feriw's ghost (journeyman HOMo)
 41074 | Orc:2    | Noticed Josephine
 41169 | Orc:1    | Killed Josephine
 41699 | Orc:2    | Found Jupaot's Antique Weapon Emporium.
 41921 | Orc:2    | Noticed Urug
 41935 | Orc:2    | Killed Urug
 42094 | Orc:2    | Found Fucen's General Store.
 42230 | Orc:2    | Bought a masterwork flail for 161 gold pieces
 42230 | Orc:2    | Identified the +9 flail of the Ghost {drain, rElec rC+
                  | Str+6 Int+5} (You bought it in a shop on level 2 of the
                  | Orcish Mines)
 42242 | Orc:2    | Bought a pair of blackened gloves for 228 gold pieces
 42242 | Orc:2    | Identified the +0 pair of gloves "Damnable Contraption"
                  | {-Cast Str+5 Dex+3} (You bought it in a shop on level 2 of
                  | the Orcish Mines)
 42296 | D:12     | Killed jehirs's ghost
 42309 | D:12     | Got the Spellbook of Bedrock
 42320 | D:12     | Learned a level 6 spell: Iron Shot
 42485 | Snake:1  | Entered Level 1 of the Snake Pit
 42491 | Snake:1  | Noticed Rupert
 42644 | Swamp:1  | Entered Level 1 of the Swamp
 42958 | Swamp:1  | Learned a level 5 spell: Freezing Cloud
 43535 | Swamp:1  | Reached skill level 1 in Air Magic
 46301 | Swamp:3  | Reached XP level 16. HP: 92/108 MP: 5/36
 46570 | Swamp:2  | Reached skill level 10 in Conjurations
 47119 | Swamp:3  | Noticed Mara
 47125 | Swamp:3  | Noticed AarnesTheHuman's illusion
 47235 | Swamp:3  | Noticed AarnesTheHuman's illusion
 47366 | Swamp:3  | Noticed AarnesTheHuman's illusion
 47536 | Swamp:3  | Noticed AarnesTheHuman's illusion
 47545 | Swamp:3  | Killed Mara
 47935 | Swamp:4  | Entered Level 4 of the Swamp
 49115 | Swamp:4  | Identified the ring "Put-Me-On" {rN++ Will+ Stlth-}
 50787 | Swamp:4  | Noticed the 27-headed Lernaean hydra
 50796 | Swamp:4  | Killed the 27-headed Lernaean hydra
 51349 | Swamp:4  | Got a decaying rune of Zot
 51966 | Lair:2   | Killed Rupert
 52591 | Snake:1  | Reached XP level 17. HP: 116/116 MP: 28/37
 52819 | Snake:1  | Found Fiurphase's Distillery.
 52824 | Snake:1  | Bought a potion of heal wounds for 85 gold pieces
 53032 | Snake:1  | Learned a level 5 spell: Irradiate
 53938 | Snake:1  | Noticed Aizul
 53947 | Snake:1  | Killed Aizul
 53948 | Snake:1  | Reached skill level 1 in Transmutations
 54408 | Snake:2  | Noticed Agnes
 54417 | Snake:2  | Killed Agnes
 54899 | Snake:2  | Noticed Vashnia
 54916 | Snake:2  | Killed Vashnia
 57095 | Snake:3  | Found Moqalyiru's Antique Weapon Shoppe.
 57483 | Snake:3  | Found Jeyc Koman's Antique Weapon Shop.
 58215 | Snake:4  | Entered Level 4 of the Snake Pit
 60680 | Snake:4  | Noticed Saint Roka
 60729 | Snake:4  | Killed Saint Roka
 60730 | Snake:4  | Reached XP level 18. HP: 90/123 MP: 5/39
 61428 | Snake:4  | Got a serpentine rune of Zot
 61488 | Snake:4  | Noticed Asterion
 61510 | Snake:4  | Killed Asterion
 62731 | Vaults:1 | Entered Level 1 of the Vaults
 63016 | D:1      | Bought a ring of resist corrosion for 220 gold pieces
 63827 | Vaults:1 | Identified a scroll of acquirement
 63951 | Orc:2    | Bought Great Wizards, Vol. II for 494 gold pieces
 63957 | Orc:2    | Learned a level 5 spell: Borgnjor's Vile Clutch
 64475 | Vaults:1 | Reached skill level 1 in Necromancy
 64724 | Vaults:1 | Reached skill level 5 in Transmutations
 65487 | Vaults:1 | Found Xari's Magic Scroll Shoppe.
 65494 | Vaults:1 | Bought a scroll of blinking for 105 gold pieces
 65494 | Vaults:1 | Bought a scroll of blinking for 105 gold pieces
 65784 | Vaults:1 | Noticed Peona's ghost (veteran MiGl)
 65785 | Vaults:1 | Found a transporter.
 65786 | Vaults:1 | Found a transporter.
 66241 | Vaults:2 | Found a flickering gateway to a bazaar.
 66254 | Bazaar   | Entered a bazaar
 66345 | Bazaar   | Found Otaul's Distillery.
 66354 | Bazaar   | Found Nenulew's Jewellery Boutique.
 66354 | Bazaar   | Found Fowuroasch's Book Boutique.
 66371 | Bazaar   | Found Asiobyde's Antique Armour Emporium.
 66441 | Bazaar   | Upgraded the game from 0.30-a0-134-gb40fab5c76 to
                  | 0.30-a0-136-gea98e250e0
 66451 | Bazaar   | Bought a potion of invisibility for 104 gold pieces
 66451 | Bazaar   | Bought a potion of heal wounds for 65 gold pieces
 66478 | Bazaar   | Acquired the amulet of Xegegaplur {RegenMP rF+ Str+3 Slay-4
                  | SInv}
 66522 | Vaults:2 | Found a crumbling gateway.
 66529 | Desolati | Entered the Desolation of Salt
 67403 | Vaults:2 | Reached XP level 19. HP: 117/129 MP: 25/40
 67794 | Lair:2   | Killed Prince Ribbit
 68421 | Vaults:2 | Identified the +4 short sword of Courage {pain, *Corrode
                  | rN+ Dex+5}
 68491 | Vaults:2 | Found a transporter.
 68497 | Vaults:2 | Found a transporter.
 69113 | Vaults:2 | Reached skill level 5 in Necromancy
 69782 | Vaults:3 | Found a staircase to the Crypt.
 69782 | Vaults:3 | Found an ancient bone altar of Kikubaaqudgha.
 69783 | Vaults:3 | Found a basalt altar of Yredelemnul.
 72818 | Vaults:3 | Reached skill level 5 in Air Magic
 73713 | Vaults:3 | Found a staircase to the Crypt.
 73713 | Vaults:3 | Found an ancient bone altar of Kikubaaqudgha.
 73714 | Vaults:3 | Found a basalt altar of Yredelemnul.
 74703 | Vaults:4 | Reached skill level 10 in Shields
 75409 | Vaults:4 | Reached XP level 20. HP: 98/136 MP: 8/41
 76699 | Elf:1    | Entered Level 1 of the Elven Halls
 76948 | Elf:1    | Found Zudamo's Overcharged Wands.
 76983 | Elf:1    | Found a flickering gateway to a bazaar.
 76989 | Bazaar   | Entered a bazaar
 77016 | Bazaar   | Found Lihath's Magic Scroll Shoppe.
 77032 | Bazaar   | Found Oxkufau's Book Emporium.
 77072 | Bazaar   | Bought a scroll of teleportation for 33 gold pieces
 78632 | Elf:1    | Upgraded the game from 0.30-a0-136-gea98e250e0 to
                  | 0.30-a0-137-gd8773701ce
 79448 | Elf:2    | Noticed Roxanne
 79623 | Elf:2    | Reached skill level 15 in Conjurations
 79829 | Elf:2    | Found a runed translucent gate.
 79830 | Elf:2    | Found a runed translucent gate.
 79830 | Elf:2    | Found a runed translucent gate.
 80243 | Elf:2    | Killed Roxanne
 80335 | Elf:3    | Entered Level 3 of the Elven Halls
 81508 | Elf:3    | Identified the +0 ring mail of Parts Unknown {rF+}
 81698 | Elf:3    | Got Xaysauhe's Verses on Fire and Battling
 82087 | Elf:3    | Identified the +4 dire flail of Prudence {vorpal, rPois rF-
                  | rC+++ Dex-4}
 82157 | Elf:3    | Identified the amulet "Hudoeh" {Spirit rPois rF++ rC+
                  | Str-4}
 82173 | Elf:3    | Identified the +1 plate armour of Faxash {+Inv rF++ rCorr
                  | Stlth-}
 83325 | Elf:3    | Reached XP level 21. HP: 86/144 MP: 20/42
 84683 | Elf:3    | Got the Folio of the Dead
 84686 | Elf:3    | Identified the +3 scale mail "Hyuxkir" {rElec Int+2}
 85644 | Depths:1 | Entered Level 1 of the Depths
 86302 | Depths:1 | Found a gateway to Hell.
 86678 | Depths:1 | Found a one-way gate leading to the halls of Pandemonium.
 88279 | Depths:2 | Noticed Vv
 88301 | Depths:2 | Killed Vv
 88416 | Depths:2 | Found a flickering gateway to a bazaar.
 88434 | Bazaar   | Entered a bazaar
 88481 | Bazaar   | Found Puagup's Antique Weapon Emporium.
 88494 | Bazaar   | Found Ahiunebe's Antique Weapon Shoppe.
 88511 | Bazaar   | Found Wohinaoh's Antique Armour Shoppe.
 88522 | Bazaar   | Found Hufoxuom's Antique Armour Emporium.
 88569 | Bazaar   | Bought a pitted dagger for 126 gold pieces
 88569 | Bazaar   | Identified the +6 dagger of Xaomann {freeze, Str+4} (You
                  | bought it in a shop in a bazaar)
 88971 | Depths:2 | Found a one-way gateway to a ziggurat.
 89345 | Depths:2 | Reached skill level 15 in Earth Magic
 91057 | D:14     | Noticed fly's ghost (journeyman DgDe)
 91755 | Depths:3 | Noticed a golden dragon
 91784 | Depths:3 | Killed a golden dragon
 92828 | Depths:3 | Noticed a caustic shrike
 92836 | Depths:3 | Killed a caustic shrike
 93122 | Depths:3 | Reached XP level 22. HP: 149/149 MP: 5/43
 94587 | Depths:4 | Entered Level 4 of the Depths
 94587 | Depths:4 | Noticed the Enchantress
 94592 | Depths:4 | Killed the Enchantress
 94895 | Depths:4 | Noticed Boris
 94901 | Depths:4 | Killed Boris
 94948 | Depths:4 | Learned a level 4 spell: Dispel Undead
 94955 | Depths:4 | Found Kouxupse's Weapon Boutique.
 95182 | Depths:4 | Identified the +0 robe of Doffafiw {rPois rN+ Int+3}
 96665 | Depths:4 | Noticed a juggernaut
 96683 | Depths:4 | Killed a juggernaut
 97251 | Depths:4 | Found a gate to the Realm of Zot.
 97342 | Depths:4 | Found a basalt altar of Yredelemnul.
 97884 | Depths:4 | Found a basalt altar of Yredelemnul.
 97957 | Depths:4 | Found a gate to the Realm of Zot.
 98145 | Depths:4 | Found Kouxupse's Weapon Boutique.
 98953 | Vaults:4 | Learned a level 3 spell: Hailstorm
 99012 | Vaults:5 | Entered Level 5 of the Vaults
 99018 | Vaults:5 | Noticed a golden dragon
 99043 | Vaults:4 | Gained mutation: You are weak. (Str -2) [mutagenic glow]
 99635 | Vaults:4 | Killed a golden dragon
 99645 | Vaults:4 | Gained mutation: You have sharp toenails. [mutagenic glow]
100300 | Vaults:5 | Noticed an ancient lich
100680 | Vaults:5 | Reached XP level 23. HP: 92/147 MP: 18/45
100682 | Vaults:4 | Killed an ancient lich
100870 | Vaults:5 | Noticed a dread lich
101039 | Vaults:4 | Killed a dread lich
101867 | Vaults:5 | Identified the +4 long sword "Tolugg" {spect, Str+4}
102766 | Vaults:5 | Identified the ring "Tomihoplu" {rElec rN+ EV+4 Str-3}
103012 | Vaults:5 | Found Daedoolul's Antique Weapon Shoppe.
103042 | Vaults:5 | Identified the +6 short sword of Satyriasis {vorpal, rPois
                  | rF++ rC+++ Str-2}
103092 | Vaults:5 | Got a silver rune of Zot
103584 | Vaults:5 | Identified the +5 halberd of Theory {elec, rElec rF++}
103600 | Vaults:5 | Identified the +5 halberd of Precise Incision {vorpal,
                  | Drain rN+ Dex+6 Stlth+}
103605 | Vaults:5 | Identified the ring of Toyssa {rC+ Will++ rCorr Str-3
                  | Int+4}
103693 | Vaults:5 | Noticed an ancient lich
103698 | Vaults:5 | Killed an ancient lich
104388 | Zot:1    | Entered Level 1 of the Realm of Zot
105656 | Zot:1    | Found a runed translucent gate.
105656 | Zot:1    | Found a runed translucent gate.
105656 | Zot:1    | Found a runed translucent gate.
105656 | Zot:1    | Noticed Iryommi's ghost (legendary KoDe)
105656 | Zot:1    | Identified the +2 cloak of Parlour Games {Harm +Inv rC++
                  | Regen+}
105657 | Zot:1    | Noticed a curse toe
105935 | Zot:1    | Found a runed translucent gate.
105935 | Zot:1    | Found a runed translucent gate.
105935 | Zot:1    | Found a runed translucent gate.
107003 | Zot:2    | Upgraded the game from 0.30-a0-137-gd8773701ce to
                  | 0.30-a0-140-gd1020e658a
108846 | Zot:3    | Reached XP level 24. HP: 161/168 MP: 7/46
109176 | Zot:3    | Identified the +0 scale mail of Dyspraxia {Drain rN+ Int+2}
109342 | Zot:3    | Noticed a Killer Klown
109349 | Zot:3    | Killed a Killer Klown
110870 | Zot:3    | Upgraded the game from 0.30-a0-140-gd1020e658a to
                  | 0.30-a0-141-g30f27751c5
111018 | Zot:4    | Reached skill level 10 in Maces & Flails
113834 | Zot:4    | Found Lyphar's CLEARANCE SALE!.
113875 | Zot:4    | Noticed an orb of fire
113887 | Zot:3    | Killed an orb of fire
114405 | Zot:4    | Bought a scroll of teleportation for 12 gold pieces
114405 | Zot:4    | Bought a potion of brilliance for 16 gold pieces
114585 | Zot:4    | Got the Compendium of Bread
115275 | Zot:4    | Found Lyphar's CLEARANCE SALE!.
115311 | Zot:5    | Entered Level 5 of the Realm of Zot
117090 | Zot:5    | Learned a level 3 spell: Swiftness
118710 | Zot:5    | Noticed an orb of fire
118714 | Zot:5    | Gained mutation: Your spells are a little easier to cast,
                  | but a little less powerful. [an orb of fire]
118715 | Zot:5    | Noticed an orb of fire
118716 | Zot:5    | Noticed an orb of fire
118722 | Zot:4    | Gained mutation: Your body sometimes deteriorates upon
                  | taking damage. [an orb of fire]
118731 | Zot:4    | Killed an orb of fire
119029 | Zot:5    | Noticed an orb of fire
119039 | Zot:4    | Killed an orb of fire
119150 | Zot:4    | Gained mutation: Armour fits poorly on your strangely
                  | shaped body. [an orb of fire]
119150 | Zot:4    | Gained mutation: You are vulnerable to cold. (rC-) [an orb
                  | of fire]
119153 | Zot:4    | Killed an orb of fire
119809 | Vaults:5 | Lost mutation: Armour fits poorly on your strangely shaped
                  | body. [potion of mutation]
119809 | Vaults:5 | Lost mutation: Your spells are a little easier to cast, but
                  | a little less powerful. [potion of mutation]
119809 | Vaults:5 | Lost mutation: You are vulnerable to cold. (rC-) [potion of
                  | mutation]
119809 | Vaults:5 | Gained mutation: [You occasionally shout uncontrollably at
                  | your foes.] [potion of mutation]
119809 | Vaults:5 | Gained mutation: Your movements are slightly less
                  | encumbered by armour. (ER -2) [potion of mutation]
119810 | Vaults:5 | Lost mutation: [You occasionally shout uncontrollably at
                  | your foes.] [potion of mutation]
119810 | Vaults:5 | Lost mutation: Your body sometimes deteriorates upon taking
                  | damage. [potion of mutation]
119810 | Vaults:5 | Gained mutation: You are strong-willed. (Will+) [potion of
                  | mutation]
119810 | Vaults:5 | Gained mutation: You are agile. (Dex +4, Str/Int -1)
                  | [potion of mutation]
120361 | Zot:5    | Noticed an orb of fire
120361 | Zot:5    | Noticed an orb of fire
120362 | Zot:5    | Noticed an orb of fire
120371 | Zot:3    | Killed an orb of fire
120449 | Zot:3    | Killed an orb of fire
120902 | Zot:4    | Found Lyphar's CLEARANCE SALE!.
121321 | Zot:5    | Noticed an orb of fire
121321 | Zot:5    | Noticed an orb of fire
121401 | Zot:5    | Noticed an orb of fire
121467 | Zot:4    | Killed an orb of fire
121522 | Zot:5    | Killed an orb of fire
121523 | Zot:5    | Reached XP level 25. HP: 143/174 MP: 16/46
121606 | Zot:5    | Gained mutation: You are dopey. (Int -2) [an orb of fire]
121611 | Zot:5    | Killed an orb of fire
121723 | Zot:5    | Gained mutation: You occasionally lose the ability to read
                  | scrolls when taking damage. [an orb of fire]
121724 | Zot:5    | Killed an orb of fire
122092 | Zot:5    | Killed an orb of fire
122093 | Zot:5    | Reached skill level 10 in Armour
122446 | Zot:5    | Upgraded the game from 0.30-a0-141-g30f27751c5 to
                  | 0.30-a0-142-g7370640ec8
122936 | Zot:5    | Noticed a Killer Klown
122944 | Zot:5    | Killed a Killer Klown
122977 | Zot:5    | Noticed a Killer Klown
122996 | Zot:5    | Killed a Killer Klown
124088 | Zot:5    | Noticed a Killer Klown
124089 | Zot:5    | Noticed a Killer Klown
124098 | Zot:5    | Killed a Killer Klown
124787 | Zot:5    | Killed a Killer Klown
125027 | Zot:5    | Noticed a dread lich
125032 | Zot:5    | Killed a dread lich
126029 | Zot:5    | HP: 6/165 [Orb Guardian (21)]
127098 | Swamp:2  | Learned a level 4 spell: Airstrike
127204 | Slime:1  | Entered Level 1 of the Pits of Slime
128833 | Slime:5  | Entered Level 5 of the Pits of Slime
131388 | Slime:5  | Found a viscous altar of Jiyva.
131455 | Slime:5  | Noticed the Royal Jelly
131464 | Slime:5  | Killed the Royal Jelly
132205 | Slime:5  | Identified the +1 helmet of Hysteria {rC+ rN++ Dex-5}
132242 | Slime:5  | Got a slimy rune of Zot
132285 | Slime:5  | Identified the +9 shortbow of the Chain {freeze, rCorr}
132390 | Lair:4   | Lost mutation: Your movements are slightly less encumbered
                  | by armour. (ER -2) [potion of mutation]
132390 | Lair:4   | Lost mutation: You occasionally lose the ability to read
                  | scrolls when taking damage. [potion of mutation]
132390 | Lair:4   | Gained mutation: You are very dopey. (Int -4) [potion of
                  | mutation]
132390 | Lair:4   | Gained mutation: You expend magic power (3 MP) to
                  | strengthen your wands. [potion of mutation]
132540 | Lair:5   | Voluntarily entered the Abyss.
132703 | Abyss:1  | Reached XP level 26. HP: 179/183 MP: 22/46
132786 | Abyss:1  | Found a corrupted altar of Lugonu.
132791 | Abyss:1  | Found a corrupted altar of Lugonu.
132791 | Abyss:1  | Found a corrupted altar of Lugonu.
132916 | Abyss:1  | Lost mutation: You are agile. (Dex +4, Str/Int -1) [a
                  | neqoxec]
132988 | Abyss:1  | Gained mutation: Armour fits poorly on your strangely
                  | shaped body. [a neqoxec]
133256 | Abyss:1  | Found an ornate altar of the Wu Jian Council.
133256 | Abyss:1  | Found a corrupted altar of Lugonu.
133303 | Lair:5   | Escaped the Abyss
133744 | Crypt:1  | Entered Level 1 of the Crypt
134771 | Crypt:1  | Noticed Frederick
134776 | Crypt:1  | Killed Frederick
136395 | Crypt:2  | Got Qubao's Precepts of the Chthonic Salvo
136774 | Crypt:2  | Upgraded the game from 0.30-a0-142-g7370640ec8 to
                  | 0.30-a0-169-g06f667207d
136774 | Crypt:2  | Lost mutation: You are very dopey. (Int -4) [potion of
                  | mutation]
136774 | Crypt:2  | Lost mutation: You expend magic power (3 MP) to strengthen
                  | your wands. [potion of mutation]
136774 | Crypt:2  | Gained mutation: You are somewhat resistant to further
                  | mutation. [potion of mutation]
136781 | Crypt:2  | Learned a level 5 spell: Fireball
136825 | Crypt:3  | Entered Level 3 of the Crypt
136896 | Crypt:3  | Noticed Grunn
137353 | Crypt:3  | Killed Grunn
137493 | Crypt:3  | Identified the +9 flail of Nunnyocosk {venom, Drain rElec
                  | rPois Int+9}
138437 | Crypt:3  | Found a staircase to the Tomb.
138467 | Crypt:3  | Noticed Xtahua
138475 | Crypt:3  | Killed Xtahua
138478 | Crypt:3  | Noticed an ancient lich
138494 | Crypt:3  | Killed an ancient lich
139870 | Crypt:3  | Found a runed translucent gate.
139870 | Crypt:3  | Found a runed translucent gate.
139870 | Crypt:3  | Found a runed translucent gate.
140135 | Crypt:3  | Noticed an ancient lich
140135 | Crypt:3  | Noticed a dread lich
140135 | Crypt:3  | Noticed a dread lich
140138 | Crypt:3  | Killed a dread lich
140141 | Crypt:3  | Killed an ancient lich
140185 | Crypt:3  | Killed a dread lich
140229 | Crypt:3  | Got the Quarto of Calefaction and Unholy Secrets
140862 | Depths:3 | Voluntarily entered the Abyss.
140961 | Abyss:2  | Found a corrupted altar of Lugonu.
140971 | Abyss:2  | Found an iron altar of Okawaru.
141465 | Abyss:5  | Found a glowing golden altar of the Shining One.
141496 | Abyss:5  | Noticed a juggernaut
141502 | Abyss:5  | Killed a juggernaut
141506 | Abyss:5  | Got an abyssal rune of Zot
142120 | Depths:3 | Escaped the Abyss
142364 | Pan      | Entered Pandemonium
142834 | Pan      | Noticed Tahiaze the pandemonium lord
142838 | Pan      | Killed Tahiaze the pandemonium lord
142853 | Pan      | Gained mutation: Your spells are a little harder to cast,
                  | but a little more powerful. [a neqoxec]
142854 | Pan      | Gained mutation: You sometimes lose your temper in combat.
                  | [a cacodemon]
142866 | Pan      | Lost mutation: You have sharp toenails. [potion of
                  | mutation]
142866 | Pan      | Lost mutation: You are weak. (Str -2) [potion of mutation]
142867 | Pan      | Lost mutation: Armour fits poorly on your strangely shaped
                  | body. [potion of mutation]
142867 | Pan      | Lost mutation: Your spells are a little harder to cast, but
                  | a little more powerful. [potion of mutation]
142868 | Pan      | Lost mutation: You are somewhat resistant to further
                  | mutation. [potion of mutation]
142868 | Pan      | Lost mutation: You are dopey. (Int -2) [potion of mutation]
142868 | Pan      | Lost mutation: You sometimes lose your temper in combat.
                  | [potion of mutation]
142868 | Pan      | Gained mutation: [You are clumsy. (Dex -2)] [potion of
                  | mutation]
142868 | Pan      | Gained mutation: Your skin changes colour to match your
                  | surroundings (Stealth+). [potion of mutation]
144230 | Pan      | Noticed Kifon the pandemonium lord
144238 | Pan      | Killed Kifon the pandemonium lord
145299 | Pan      | Noticed a dread lich
145304 | Pan      | Killed a dread lich
145383 | Pan      | Found Anwedek's Exquisite Manuscripts.
145830 | Pan      | Found an opulent altar of Gozag.
146253 | Pan      | Found an opulent altar of Gozag.
146289 | Pan      | Bought a scroll of acquirement for 1144 gold pieces
146289 | Pan      | Acquired the ring "Woweonk" {Wiz rN+ Dex+3}
146291 | Pan      | Bought 2 scrolls of blinking for 330 gold pieces
146291 | Pan      | Bought 2 scrolls of enchant armour for 330 gold pieces
146295 | Pan      | Bought a scroll of enchant armour for 165 gold pieces
146455 | Pan      | Noticed Anwedek the pandemonium lord
146469 | Pan      | Killed Anwedek the pandemonium lord
146481 | Pan      | Found Anwedek's Fine Accessories.
146485 | Pan      | Found an opulent altar of Gozag.
146566 | Pan      | Found Anwedek's Quality Elixirs.
146596 | Pan      | Bought a potion of heal wounds for 70 gold pieces
146596 | Pan      | Bought a potion of magic for 112 gold pieces
146596 | Pan      | Bought a potion of magic for 112 gold pieces
146596 | Pan      | Bought a potion of magic for 112 gold pieces
146596 | Pan      | Bought a potion of mutation for 112 gold pieces
146596 | Pan      | Bought a potion of haste for 140 gold pieces
146596 | Pan      | Bought a potion of haste for 140 gold pieces
146596 | Pan      | Bought a potion of brilliance for 56 gold pieces
146596 | Pan      | Bought a potion of brilliance for 56 gold pieces
146596 | Pan      | Bought a potion of brilliance for 56 gold pieces
147729 | Pan      | Found Anwedek's Demonic Rune Hoard.
147801 | Pan      | Noticed Ignacio
147806 | Pan      | Killed Ignacio
148251 | Pan      | Noticed Fule Matah the pandemonium lord
148265 | Pan      | Killed Fule Matah the pandemonium lord
149043 | Pan      | Found an exit through the horrors of the Abyss.
149161 | Pan      | Lost mutation: You are strong-willed. (Will+) [a neqoxec]
149696 | Pan      | Noticed Vushreutt the pandemonium lord
149713 | Pan      | Killed Vushreutt the pandemonium lord
149820 | Pan      | Got a demonic rune of Zot
149884 | Pan      | Found a huge runed translucent gate.
149884 | Pan      | Found a huge runed translucent gate.
149884 | Pan      | Found a huge runed translucent gate.
149884 | Pan      | Found a huge runed translucent gate.
149884 | Pan      | Found a huge runed translucent gate.
149884 | Pan      | Found a huge runed translucent gate.
149884 | Pan      | Found a huge runed translucent gate.
150085 | Pan      | Entered the realm of Cerebov.
150926 | Pan      | Found the +6 sword of Cerebov {flame}
150926 | Pan      | Noticed Cerebov
150974 | Pan      | Killed Cerebov
151065 | Pan      | Identified the +9 morningstar "Koewail" {antimagic, *Rage
                  | rCorr Int+4}
151189 | Pan      | Got the Grimoire of Glamour
151207 | Pan      | Got Hivekad's Excursus on the Traveller and Shaping
151218 | Pan      | Identified the +8 chain mail of Xinik {rPois Will- rCorr
                  | Slay+5}
151239 | Pan      | Identified the amulet "Witzeeth" {Faith Harm Drain rPois
                  | Regen+}
151242 | Pan      | Identified the +5 glaive of Glory {freeze, Contam rN+ Dex+6
                  | SInv}
151258 | Pan      | Got a fiery rune of Zot
151575 | Pan      | Entered the realm of Lom Lobon.
151575 | Pan      | Noticed Lom Lobon
151584 | Pan      | Killed Lom Lobon
151669 | Pan      | Got a magical rune of Zot
151807 | Pan      | Entered the realm of Gloorx Vloq.
153365 | Pan      | Noticed Gloorx Vloq
153375 | Pan      | Killed Gloorx Vloq
153406 | Pan      | Got a dark rune of Zot
153460 | Pan      | Entered the realm of Mnoleg.
153546 | Pan      | Gained mutation: Your body sometimes deteriorates upon
                  | taking damage. [a cacodemon]
153563 | Pan      | Gained mutation: Armour fits poorly on your strangely
                  | shaped body. [a neqoxec]
153640 | Pan      | Gained mutation: Potions are less effective at restoring
                  | your health. [a cacodemon]
153709 | Pan      | Gained mutation: You are weak. (Str -2) [a cacodemon]
153832 | Pan      | Gained mutation: You are occasionally teleported next to
                  | monsters. [a neqoxec]
153839 | Pan      | Lost mutation: [You are clumsy. (Dex -2)] [potion of
                  | mutation]
153839 | Pan      | Lost mutation: Your skin changes colour to match your
                  | surroundings (Stealth+). [potion of mutation]
153839 | Pan      | Lost mutation: You are weak. (Str -2) [potion of mutation]
153839 | Pan      | Gained mutation: You do not regenerate when monsters are
                  | visible. [potion of mutation]
153839 | Pan      | Gained mutation: You expend magic power (3 MP) to
                  | strengthen your wands. [potion of mutation]
153840 | Pan      | Lost mutation: You are occasionally teleported next to
                  | monsters. [potion of mutation]
153840 | Pan      | Lost mutation: Armour fits poorly on your strangely shaped
                  | body. [potion of mutation]
153840 | Pan      | Gained mutation: You are frail. (-10% HP) [potion of
                  | mutation]
153840 | Pan      | Gained mutation: Your body often deteriorates upon taking
                  | damage. [potion of mutation]
153840 | Pan      | Lost mutation: You do not regenerate when monsters are
                  | visible. [potion of mutation]
153885 | Pan      | Noticed Mnoleg
153899 | Pan      | Killed Mnoleg
153949 | Pan      | Got a glowing rune of Zot
154021 | Pan      | Noticed Qurhopho the pandemonium lord
154027 | Pan      | Killed Qurhopho the pandemonium lord
154301 | Pan      | Found an exit through the horrors of the Abyss.
154310 | Pan      | Took an exit into the Abyss.
154310 | Abyss:5  | Escaped into the Abyss
154310 | Abyss:5  | Found a corrupted altar of Lugonu.
154367 | Depths:2 | Escaped the Abyss
154399 | Depths:2 | Upgraded the game from 0.30-a0-169-g06f667207d to
                  | 0.30-a0-190-g22c9a3c0ff
154435 | Hell     | Entered the Vestibule of Hell
154436 | Hell     | Noticed Murray
154440 | Hell     | Noticed Geryon
154441 | Hell     | Killed Murray
154517 | Hell     | Killed Geryon
154953 | Depths:2 | Gained mutation: Armour fits poorly on your strangely
                  | shaped body. [mutagenic glow]
155292 | Depths:2 | Gained mutation: You are very frail. (-20% HP) [mutagenic
                  | glow]
155357 | Depths:2 | Learned a level 7 spell: Spellforged Servitor
155370 | Hell     | Reached skill level 1 in Summonings
155802 | Hell     | Found a gateway to the decaying netherworld of Tartarus.
156167 | Hell     | Found a gateway to the freezing wastes of Cocytus.
156210 | Hell     | Found a gateway to the Iron City of Dis.
156243 | Hell     | Found a gateway to the ashen valley of Gehenna.
156390 | Hell     | Lost mutation: Your body often deteriorates upon taking
                  | damage. [potion of mutation]
156390 | Hell     | Lost mutation: You expend magic power (3 MP) to strengthen
                  | your wands. [potion of mutation]
156390 | Hell     | Gained mutation: Your flesh is cold resistant. (rC+)
                  | [potion of mutation]
156390 | Hell     | Lost mutation: You are very frail. (-20% HP) [potion of
                  | mutation]
156428 | Dis:1    | Entered Level 1 of the Iron City of Dis
158177 | Dis:3    | Reached skill level 5 in Summonings
159630 | Dis:2    | Lost dexterity.
160179 | Dis:4    | Mangled by a Hell Sentinel

Illustrated notes

Levels and vault maps discovered:
D:1:      eino_arrival_water_star, layout_basic, serial_shops,
          nicolae_square_shop, nicolae_shop_statue_plus, shop,
          basic_ecumenical_altar, minmay_tetromino_t4
D:2:      layout_basic, uniq_natasha
D:3:      layout_basic, mainiacjoe_overflow_small_starburst,
          uniq_crazy_yiuf_cottage, uniq_grinder
D:4:      layout_gridville, hangedman_glass_garden, minmay_vboxes
D:5:      layout_loops_ring
D:6:      layout_basic, temple_hall_moat, kennysheep_generic_room_4, uniq_pikel,
          uniq_menkaure
D:7:      layout_loops_ring, mainiacjoe_overflow_tiny_flanked, minitemple,
          nicolae_gozag_cash_rules_everything_around_me, serial_shops,
          kennysheep_mini, grunt_ministairs_10, glass_columns_b
D:8:      layout_loops_ring, enter_bailey_8
D:9:      layout_loops_ring, grunt_lair_entry_orc_guard_hut,
          kennysheep_kite_vault
D:10:     layout_long_grid, chequers_serial_rivers_large_a, hex_large
D:11:     layout_loops_corners, st_stairs_7
D:12:     layout_layer_cave, orc_0_dummy, hellmonk_ghost_big_iron,
          hangedman_ranch
D:13:     layout_long_grid, grunt_vaults_entry_tiered, minivault_15,
          minmay_misc_feat_five, minmay_fire_ice_demons, uniq_jorgrun
D:14:     layout_basic, portal_ice_cave_entry_ice_statue_two,
          gammafunk_ghost_abyssal_escape, hangedman_abyss_or_decor_lesser_grid
D:15:     hangedman_depths_entry_try_elsewhere_first, layout_grid_maze,
          good_gods_mini_temple, ashenzari_altar_1
Lair:1:   layout_layer_cave
Lair:2:   gammafunk_boulding_lane, layout_regular_city, swamp_mist_pool,
          guppyfry_snake_entry_garden, serial_bayou_shore_b, uniq_amaemon,
          uniq_prince_ribbit2
Lair:3:   layout_regular_city, disabler_island, infiniplex_staircase_pool_2
Lair:4:   layout_roguey, slime_entry_1, gammafunk_lair_bear_cave,
          grunt_megastairs_2
Lair:5:   hellmonk_lair_end_abyssal_woods, layout_regular_city,
          gammafunk_ghost_split, minmay_stone_trees_small
Swamp:1:  layout_falls_marsh, evilmike_swamp_ruin_house_6
Swamp:2:  layout_basic_swamp, hangedman_swamp_lotus
Swamp:3:  layout_basic_swamp, evilmike_swamp_ruin_house_4, swamp_pool4,
          ldierk_geyser, uniq_mara
Swamp:4:  swamp_basic_johnstein, layout_basic_swamp, swamp_pool2,
          nicolae_swamp_feature_on_the_river_bank
Snake:1:  layout_gridlike, serial_shops, nicolae_square_shop,
          nicolae_snake_lava_pool, grunt_megastairs_1, uniq_aizul, uniq_rupert
Snake:2:  layout_grid_maze, grunt_ministairs_15, nicolae_snake_shapes,
          uniq_agnes, uniq_vashnia
Snake:3:  layout_chambers, serial_shops, shop, minmay_shop_star
Snake:4:  snake_pit, layout_misc_corridors, uniq_asterion, uniq_saint_roka
Slime:1:  layout_caves
Slime:2:  layout_caves
Slime:3:  layout_caves, cheibrodos_slime_lost_civilization_7
Slime:4:  layout_caves
Slime:5
Orc:1:    layout_caves, ebering_ghost_inner_flame, mines_bat_river, uniq_fannar,
          uniq_snorg
Orc:2:    grunt_orc_gardens, layout_caves, grunt_orc_garden, grunt_orc_garden,
          grunt_orc_garden, grunt_orc_garden, serial_shops, shop,
          uniq_josephine, uniq_urug
Elf:1:    eino_elf_arrival_customs, layout_geoelf_diagonals, serial_shops,
          bzr_entry_islet, minmay_elf_crystal_hexagon,
          minmay_misc_feat_ornament, st_stairs_1,
          serial_sigils_hangedman_confine, nicolae_shop_overcharged_wands
Elf:2:    nicolae_elf_blades_crystal_corner, layout_gridlike,
          minmay_misc_feat_rows, uniq_roxanne
Elf:3:    minmay_elf_hall_statues, layout_gridlike, small_chamber_with_monster,
          nicolae_elf_big_sculpture_3
Vaults:1: gammafunk_ghost_smash, nicolae_vaults_puzzle_piece,
          ontoclasm_vaults_gateway, v_alt_pattern_3,
          nicolae_vaults_fighting_squares, vaults_room_large_hall,
          ontoclasm_vaults_pinch, vaults_room_pools,
          nicolae_vaults_specimen_jars, vaults_room_grunt_arrival_ludios,
          nicolae_vaults_asterisk, layout_vaults_quadrants, serial_shops, shop
Vaults:2: portal_desolation_entry_ruin, vaults_mumra_chevron_long,
          ontoclasm_vaults_spin, nicolae_vaults_inception_scallops,
          emtedronai_trogs_sanctum, nicolae_vaults_network_s,
          hangedman_vaults_hat, hangedman_vaults_unwind,
          nicolae_vaults_rhombus_5, nicolae_vaults_alarming, layout_vaults_maze,
          serial_shops, bzr_entry_road
Vaults:3: nicolae_vaults_network_barrier, nicolae_vaults_network_periphery,
          v_misc_10, minmay_crypt_entry_necro_gods, vaults_dpeg_hooks,
          nicolae_vaults_back_hallway, nicolae_vaults_big_angled_halls,
          ontoclasm_vaults_ligature, vaults_room_semicircle,
          ontoclasm_vaults_loading_screen, layout_vaults_omnicross
Vaults:4: vaults_room_stairs_pillars, nicolae_vaults_network_quinsquares
          [nicolae_vaults_network_quincunx_subvault,
          nicolae_vaults_network_quincunx_subvault,
          nicolae_vaults_network_quincunx_subvault,
          nicolae_vaults_network_quincunx_subvault], grunt_vaults_bifocal,
          ontoclasm_vaults_bender, ontoclasm_vaults_twist,
          nicolae_vaults_gold_heap, layout_vaults_big_room
Vaults:5
Crypt:1:  layout_gridlike, serial_sigils_hangedman_gut, grunt_ministairs_5,
          small_statue_intersection, grunt_crypt_arrival_webbed, uniq_frederick
Crypt:2:  layout_misc_corridors, grunt_megastairs_3
Crypt:3:  david_glass_crypt, layout_gridlike, tomb_entry_simple_bobbens,
          pandoras_box_mu, uniq_grunn, uniq_xtahua
Depths:1: layout_gridlike, serial_sigils_hangedman_stare,
          rand_demon_pan_entry_5, hell_entry, chequers_serial_rivers_small_b,
          serial_bayou_lagoon_b
Depths:2: nicolae_cairo_tiling_very_big, layout_honeycomb, enter_ziggurat_a,
          hell_entry, serial_bayou_ford_a, grunt_pan_entry_in_and_out,
          serial_shops, freezing_bzr, nicolae_water_bricks,
          kennysheep_two_boxes, uniq_vv
Depths:3: hangedman_cross_stitches, layout_gridville,
          hangedman_abyss_entry_splay, hellmouth_1, serial_bayou_shore_b
Depths:4: grunt_zot_entry_alcove, layout_honeycomb, minmay_hedge_maze,
          hell_entry, abyss_entry, serial_shops,
          nicolae_shop_bloodbath_and_beyond,
          yredelemnul_forgotten_temple_becter, uniq_enchantress, uniq_josephina,
          uniq_boris
Hell
Dis:1:    layout_gridville, nicolae_dis_big_boring_drill
Dis:2:    layout_subdivisions
Dis:3:    layout_subdivisions, nicolae_dis_having_a_grate_time
Dis:4:    layout_overlapping_boxes, minmay_strange_pillars, nrook_loot_triangle
Zot:1:    layout_misc_corridors, gammafunk_ghost_tricky_traps,
          grunt_megastairs_5
Zot:2:    layout_misc_corridors
Zot:3:    kennysheep_blocky_room, layout_twisted_circle
Zot:4:    layout_gridville, nicolae_shop_clearance
Zot:5:    layout_basic

Skill      XL: |  1  2  3  4  5  6  7  8  9 10 11 12 13 14 15 16 17 18 19 20 21 22 23 24 25 26 |
---------------+-------------------------------------------------------------------------------+-----
Earth Magic    | 4 5 6 9 10 9 10 11 12 13 14 15 17 19 | 19.0
Spellcasting   | 3 4 7 9 9 10 11 12 14 16 17 18 19 26 | 26.0
Conjurations   | 1 2 6 5 5 8 9 12 13 14 15 17 18 19 23 | 23.2
Fighting       | 3 8 10 12 13 14 15 16 17 18 19 20 21 22 23 26 | 26.0
Armour         | 4 7 8 9 11 | 11.0
Maces & Flails | 3 5 7 9 12 13 | 13.6
Dodging        | 0 |  0.0
Translocations | 4 |  4.0
Stealth        | 0 |  0.0
Ice Magic      | 5 6 7 |  7.0
Shields        | 6 7 9 10 11 12 | 12.5
Fire Magic     | 1 4 |  4.5
Air Magic      | 2 4 5 7 |  7.5
Transmutations | 4 5 6 7 |  7.5
Necromancy     | 4 6 7 8 9 |  9.0
Summonings     | 5 |  5.0

Action                   |  1- 3 |  4- 6 |  7- 9 | 10-12 | 13-15 | 16-18 | 19-21 | 22-24 | 25-27 || total
-------------------------+-------+-------+-------+-------+-------+-------+-------+-------+-------++-------
Melee: Dagger            |    27 |    11 |       |       |       |       |       |       |       ||    38
       Short sword       |       |     6 |    99 |    56 |   160 |     1 |       |       |       ||   322
       Demon whip        |       |       |       |    18 |   194 |   340 |   158 |   120 |   204 ||  1034
       Punch             |       |       |       |       |     1 |       |       |       |       ||     1
       Staff             |       |       |       |       |     1 |     3 |       |       |       ||     4
       Flail             |       |       |       |       |       |       |       |       |   473 ||   473
Throw: Stone             |       |       |     9 |    24 |    13 |    20 |    13 |    17 |    17 ||   113
 Cast: Sandblast         |    34 |    16 |    62 |     2 |       |       |       |       |       ||   114
       Stone Arrow       |       |     5 |   188 |   315 |   730 |   676 |   469 |   297 |   459 ||  3139
       Lee's Rapid Decon |       |       |     6 |    56 |    75 |    14 |   114 |    86 |   242 ||   593
       Iskenderun's Myst |       |       |       |     2 |       |       |       |       |       ||     2
       Frozen Ramparts   |       |       |       |       |    21 |    93 |    70 |    52 |    49 ||   285
       Passwall          |       |       |       |       |     1 |       |       |     3 |     4 ||     8
       Iron Shot         |       |       |       |       |    21 |    71 |   104 |   210 |   789 ||  1195
       Freezing Cloud    |       |       |       |       |     1 |    20 |    34 |    22 |    30 ||   107
       Sticky Flame      |       |       |       |       |       |    33 |    20 |    21 |    21 ||    95
       Borgnjor's Vile C |       |       |       |       |       |    24 |   192 |   239 |   391 ||   846
       Irradiate         |       |       |       |       |       |     2 |     5 |    27 |    79 ||   113
       Hailstorm         |       |       |       |       |       |       |       |    13 |     5 ||    18
       Dispel Undead     |       |       |       |       |       |       |       |     6 |    22 ||    28
       Airstrike         |       |       |       |       |       |       |       |       |   114 ||   114
       Fireball          |       |       |       |       |       |       |       |       |     2 ||     2
Invok: Sacrifice Experie |       |       |     1 |       |       |       |       |       |       ||     1
       Sacrifice Artific |       |       |     1 |       |       |       |       |       |       ||     1
       Sacrifice Skill   |       |       |       |     1 |       |       |       |       |       ||     1
       Power Leap        |       |       |       |     1 |     1 |       |       |     2 |     2 ||     6
       Sacrifice Nimblen |       |       |       |     1 |       |       |       |       |       ||     1
       Sacrifice Stealth |       |       |       |     1 |       |       |       |       |       ||     1
       Apocalypse        |       |       |       |       |     1 |       |       |     3 |     4 ||     8
       Draw Out Power    |       |       |       |       |     2 |     1 |     1 |     1 |    21 ||    26
  Use: Scroll            |       |     5 |    13 |     9 |     7 |     8 |     4 |     6 |    24 ||    76
       Potion            |       |       |     1 |       |     3 |     2 |       |     8 |    27 ||    41
 Stab: Sleeping          |     3 |     1 |     1 |       |       |       |       |       |       ||     5
       Invisible         |       |       |       |     1 |     2 |       |       |     1 |     5 ||     9
       Distracted        |       |       |       |       |     5 |     3 |     2 |     1 |     5 ||    16
       Paralysed         |       |       |       |       |     3 |     6 |       |       |     4 ||    13
Armor: Robe              |     9 |    12 |    64 |   111 |   488 |   344 |   211 |   231 |   529 ||  1999
Dodge: Dodged            |    26 |    14 |   106 |    88 |   309 |   183 |   135 |   143 |   231 ||  1235
Block: Buckler           |       |       |       |       |    21 |       |       |       |       ||    21
       Kite shield       |       |       |       |       |   188 |   315 |   263 |   272 |       ||  1038
       Tower shield      |       |       |       |       |       |       |       |    20 |  1086 ||  1106

Table legend: (Time is in decaauts)
 A = Elapsed time spent in this place.
 B = Non-inter-level travel time spent in this place.
 C = Inter-level travel time spent in this place.
 D = Time resting spent in this place.
 E = Time spent auto-exploring this place.
 F = Levels seen in this place.
 G = Mean time per level.
                   A        B        C        D        E       F      G
               +--------+--------+--------+--------+--------+-----+--------+
         Total | 160642 | 146952 |  13690 |  70718 |  43334 |  90 | 1784.9 |
       Dungeon |  27082 |  22116 |   4966 |   5193 |  13388 |  15 | 1805.5 |
          Lair |  13684 |  11841 |   1843 |   4618 |   5360 |   5 | 2736.8 |
         Swamp |   9032 |   8647 |    385 |   5134 |   1914 |   4 | 2258.0 |
     Snake Pit |  10130 |   9911 |    219 |   4659 |   2948 |   4 | 2532.5 |
    Slime Pits |   4249 |   4197 |     52 |   3411 |     55 |   5 |  849.8 |
  Orcish Mines |   3020 |   2806 |    214 |   1374 |    835 |   2 | 1510.0 |
   Elven Halls |   8721 |   8439 |    282 |   3264 |   3470 |   3 | 2907.0 |
        Vaults |  18820 |  16806 |   2014 |   8370 |   4365 |   5 | 3764.0 |
         Crypt |   6610 |   6235 |    375 |   2878 |   1793 |   3 | 2203.3 |
        Depths |  15835 |  13758 |   2077 |   7264 |   3556 |   4 | 3958.8 |
          Hell |   2096 |   1954 |    142 |   1367 |    286 |   1 | 2096.0 |
           Dis |   2142 |   1910 |    232 |   1423 |      0 |   4 |  535.5 |
           Zot |  20513 |  19626 |    887 |  11660 |   4183 |   5 | 4102.6 |
         Abyss |   2056 |   2056 |      0 |    748 |      0 |   7 |  293.7 |
   Pandemonium |  11856 |  11856 |      0 |   6827 |    122 |  17 |  697.4 |
        Bazaar |    548 |    548 |      0 |     20 |    318 |   3 |  182.7 |
        Bailey |   1487 |   1487 |      0 |    873 |    235 |   1 | 1487.0 |
      Ice Cave |   2624 |   2624 |      0 |   1578 |    506 |   1 | 2624.0 |
    Desolation |    129 |    129 |      0 |     53 |      0 |   1 |  129.0 |
               +--------+--------+--------+--------+--------+-----+--------+

Top non-repeatable levels by time:
   Zot:5: 7482 daAuts
Depths:2: 6030 daAuts
Vaults:4: 5106 daAuts
   Zot:4: 5089 daAuts
Vaults:3: 4761 daAuts
   Elf:3: 4746 daAuts
Depths:4: 4196 daAuts
 Snake:4: 4003 daAuts
    D:12: 3877 daAuts
   Zot:3: 3870 daAuts
  Lair:5: 3675 daAuts
  Lair:1: 3444 daAuts
Vaults:2: 3263 daAuts
Vaults:1: 3256 daAuts
     D:9: 3106 daAuts
